 Dungeon Crawl Stone Soup version 0.21-a0-349-g0c35859 (webtiles) character file.

7373 tidbits the Infuser (level 11, -9/84 HPs)
             Began as a Gnoll Skald on Oct 8, 2017.
             Was a Believer of Makhleb.
             Splashed by an oklob plant's acid (11 damage)
             ... on level 10 of the Dungeon.
             The game lasted 00:31:23 (3731 turns).

tidbits the Infuser (Gnoll Skald)                   Turns: 3731, Time: 00:31:24

Health: -9/84      AC: -6    Str: 15    XL:     11   Next: 14%
Magic:  6/20       EV: 16    Int: 18    God:    Makhleb [**....]
Gold:   429        SH:  0    Dex: 14    Spells: 9/25 levels left

rFire    . . .     SeeInvis .     - Unarmed
rCold    . . .     Gourm    .   (shield currently unavailable)
rNeg     . . .     Faith    .   B - +0 troll leather armour
rPois    +         Spirit   .   (no helmet)
rElec    .         Reflect  .   y - scarf {repulsion}
rCorr    .         Harm     .   (gloves currently unavailable)
MR       .....                  (no boots)
Stlth    +++.......             (no amulet)
HPRegen  1.64/turn              s - ring of wizardry
MPRegen  0.17/turn              (no ring)

@: blade hands (expiring), shrouded, corroded, regenerating, repel missiles
A: distributed training, fangs 1, talons 1, low mp 1, poison resistance, strong
nose
a: End Transformation, Minor Destruction, Renounce Religion


You were on level 10 of the Dungeon.
You worshipped Makhleb.
Makhleb was pleased with you.
You were not hungry.
You had blades for hands.
You visited 2 branches of the dungeon, and saw 12 of its levels.
You also visited: Ossuary.

You collected 429 gold pieces.

Inventory:

Hand Weapons
 a - a +3 rapier of draining
   (You took it off Duvessa on level 7 of the Dungeon)
 i - a +0 hand axe
 n - a +0 blowgun
 q - a +0 flail
 t - a +0 dire flail
 w - a +0 halberd
 C - a +2 shortbow of freezing
   (You took it off a centaur on level 5 of the Dungeon)
 D - a +0 fustibalus
 F - a +0 long sword
 O - a +0 war axe
 P - a +1 dagger of holy wrath
   (You took it off an orc priest on level 10 of the Dungeon)
Missiles
 g - 111 arrows
 h - 136 stones (quivered)
 o - 2 tomahawks
Armour
 b - a +0 leather armour
 y - a scarf of repulsion (worn)
   (You found it on level 11 of the Dungeon)
 A - a +0 shield
 B - a +0 troll leather armour (worn)
 G - a +2 pair of gloves (melded)
 H - the +0 plate armour of Fortification {+Fly MR+ Slay+2}
   (You found it on level 7 of the Dungeon)

   It affects your accuracy and damage with ranged weapons and melee attacks
   (+2).
   It affects your resistance to hostile enchantments.
   It lets you fly.
 K - a +0 ring mail
 M - a +0 cloak
Magical Staves
 f - an uncursed staff of death {unknown}
   (You found it on level 10 of the Dungeon)
Jewellery
 s - a ring of wizardry (left scythe-like blade)
   (You found it on level 4 of the Dungeon)
Wands
 p - a wand of confusion (35/48)
 N - a wand of lightning (6/15)
Scrolls
 j - 3 scrolls of teleportation
 u - a scroll of amnesia {unknown}
 v - 3 scrolls of remove curse
 z - 2 scrolls of fog
 J - a scroll of recharging {unknown}
 Q - a scroll of immolation {unknown}
Potions
 e - a potion of haste
 k - a potion of berserk rage {unknown}
 l - a potion of mutation {!q}
 m - a potion of ambrosia
 x - 3 potions of curing
 E - a potion of flight {unknown}
 R - a potion of invisibility
Books
 c - a book of Battle

   Spells                             Type                      Level
   a - Infusion                       Charms                       1
   b - Shroud of Golubria             Charms/Translocation         2
   c - Song of Slaying                Charms                       2
   d - Spectral Weapon                Hexes/Charms                 3
   e - Regeneration                   Charms/Necromancy            3
 r - a book of Conjurations
   (You found it on level 4 of the Dungeon)

   Spells                             Type                      Level
   a - Magic Dart                     Conjuration                  1
   b - Searing Ray                    Conjuration                  2
   c - Dazzling Spray                 Conjuration/Hexes            3
   d - Fulminant Prism                Conjuration/Hexes            4
   e - Force Lance                    Conjuration/Translocation    4
   f - Iskenderun's Mystic Blast      Conjuration                  4
 L - a book of Changes
   (You found it on level 10 of the Dungeon)

   Spells                             Type                      Level
   a - Beastly Appendage              Transmutation                1
   b - Sticks to Snakes               Transmutation                2
   c - Spider Form                    Transmutation/Poison         3
   d - Ice Form                       Ice/Transmutation            4
   e - Blade Hands                    Transmutation                5
Comestibles
 d - 5 bread rations
 I - a meat ration


   Skills:
 + Level 7.5 Fighting
 + Level 5.9 Short Blades
 + Level 5.9 Long Blades
 + Level 7.5 Axes
 + Level 5.9 Maces & Flails
 + Level 5.9 Polearms
 + Level 5.9 Staves
 + Level 5.9 Slings
 + Level 5.9 Bows
 + Level 5.9 Crossbows
 + Level 5.9 Throwing
 + Level 6.5 Armour
 + Level 7.5 Dodging
 + Level 5.9 Stealth
 + Level 5.9 Shields
 + Level 5.9 Unarmed Combat
 + Level 7.8 Spellcasting
 + Level 5.9 Conjurations
 + Level 5.9 Hexes
 + Level 8.9 Charms
 + Level 5.9 Summonings
 + Level 5.9 Necromancy
 + Level 5.9 Translocations
 + Level 5.9 Transmutations
 + Level 5.9 Fire Magic
 + Level 5.9 Ice Magic
 + Level 5.9 Air Magic
 + Level 5.9 Earth Magic
 + Level 5.9 Poison Magic
 + Level 5.9 Invocations
 + Level 5.9 Evocations


You had 9 spell levels left.
You knew the following spells:

 Your Spells              Type           Power        Failure   Level  Hunger
g - Shroud of Golubria    Chrm/Tloc      ####......   6%          2    None
h - Blade Hands           Tmut           ####......   38%         5    #####..
i - Infusion              Chrm           ####         4%          1    None
r - Regeneration          Chrm/Necr      ####......   8%          3    #......
w - Spectral Weapon       Hex/Chrm       ####....     8%          3    #......
y - Song of Slaying       Chrm           #####...     4%          2    None


Dungeon Overview and Level Annotations

Branches:
Dungeon (11/15)            Temple (1/1) D:5            Lair (0/6) D:8
    Orc (0/2) D:9

Altars:
Ashenzari
Fedhas
Gozag
Hepliaklqana
Kikubaaqudgha
Makhleb
Okawaru
Qazlal
Trog
Uskayaw
Wu Jian
Yredelemnul
The Shining One

Annotations:
D:9 Gastronok
D:10 exclusion: oklob plant


Innate Abilities, Weirdness & Mutations

Your experience applies equally to all skills.
You have very sharp teeth.
Your uncanny sense of smell can sniff out nearby items.
You have sharp toenails.
Your magical capacity is low. (-10% MP)
Your system is resistant to poisons. (rPois)


Message History

The splash of acid hits you!
* * * LOW HITPOINT WARNING * * *
You are splashed with acid!
The acid burns!
* * * LOW HITPOINT WARNING * * *
Casting: Blade Hands
Confirm with . or Enter, or press ? or * to list all spells.
Your skin crawls.
Wield which item (- for none, * to show all)? (? for menu, Esc to quit)
c - a book of Battle (in hand)
You swing at nothing.
You swing at nothing.
You swing at nothing.
You swing at nothing.
You swing at nothing.
You swing at nothing.
Your skin is crawling a little less now.
You swing at nothing.
You swing at nothing.
You are no longer corroded.
Casting: Regeneration
Confirm with . or Enter, or press ? or * to list all spells.
Your skin crawls.
You swing at nothing.
You swing at nothing.
You swing at nothing.
You swing at nothing.
You swing at nothing.
You swing at nothing.
Your magical contamination has completely faded away.
Casting: Regeneration
Confirm with . or Enter, or press ? or * to list all spells.
Your skin crawls.
You swing at nothing.
You swing at nothing.
You swing at nothing.
You swing at nothing.
You swing at nothing.
You swing at nothing.
You swing at nothing.
You swing at nothing.
You swing at nothing.
You swing at nothing.
You swing at nothing.
You swing at nothing.
You swing at nothing.
HP restored.
Casting: Regeneration
Confirm with . or Enter, or press ? or * to list all spells.
Your hands turn into razor-sharp scythe blades.
Your book of Battle falls away!
You are now empty-handed.
Your +2 pair of gloves melds into your body.
Casting: Blade Hands
Confirm with . or Enter, or press ? or * to list all spells.
The spell is very dangerous to cast!
Continue anyway?
Okay, then.
Casting: Blade Hands
Confirm with . or Enter, or press ? or * to list all spells.
Space distorts slightly along a thin shroud covering your body.
Really walk into a travel-excluded area?
Okay, then.
Really walk into a travel-excluded area?
You see here 3 fruits.
You slash the oklob plant!
You claw the oklob plant, but do no damage.
You bite the oklob plant, but do no damage.
The oklob plant is moderately damaged.
The oklob plant spits acid at you. The splash of acid hits you!
The acid corrodes you!
You are splashed with acid!
The acid burns!
You slice the oklob plant!!
The oklob plant is severely damaged.
Your transformation is almost over.
The oklob plant spits acid at you. The splash of acid hits you!
The acid corrodes you!
You are splashed with acid!
The acid burns!
* * * LOW HITPOINT WARNING * * *
The oklob plant spits acid at you.
The splash of acid is repelled.
The splash of acid hits the oklob plant.
The oklob plant appears unharmed.
You slash the oklob plant!
The oklob plant is almost destroyed.
The oklob plant spits acid at you.
The splash of acid is repelled.
The splash of acid hits the oklob plant.
The oklob plant completely resists.
You slice the oklob plant!!
You destroy the oklob plant!
Makhleb accepts your kill. The oklob plant spits acid at you.
The splash of acid hits you!
* * * LOW HITPOINT WARNING * * *
The acid corrodes you!
You are splashed with acid!
The acid burns!
* * * LOW HITPOINT WARNING * * *
You see here 3 fruits.
The oklob plant spits acid at you. The splash of acid hits you!
* * * LOW HITPOINT WARNING * * *
You are splashed with acid!
The acid burns!
You die...

#########........................
......................)..........
......................[..........
.................................
..######..♣♣♣♣♣♣♣♣♣♣..##########.
.........♣♣♣♣.♣♣ ♣♣............
..........♣♣.♣.♣♣ ♣♣♣............
.........♣.♣♣.♣.♣♣P♣♣............
.........♣.♣.♣♣.@%$♣♣............
.........♣♣.♣♣♣♣%_%♣♣............
.........♣.♣.♣♣%$%♣♣♣............
.........♣♣.♣♣♣♣♣♣♣♣♣............
###.....)†♣♣♣♣♣♣♣♣♣♣.............
#......).......................
........†)......................
.................................
...................#########..###


You could see an oklob plant.

Vanquished Creatures
  A two-headed ogre (D:11)
  An unseen horror (D:10)
  An oklob plant (D:10)
  Maurice (D:10)
  A hornet (D:9)
  A troll (D:11)
  A hippogriff (D:8)
  5 yaks (D:10)
  Duvessa (D:7)
  2 hell hounds (D:8)
  An orc warrior (D:10)
  2 sky beasts
  A necrophage (D:9)
  2 ogres
  4 centaurs
  5 elf zombies (Ossuary)
  A big kobold (D:8)
  2 bullfrogs
  A gnoll sergeant (D:7)
  A wyvern zombie (D:7)
  Dowan (D:7)
  5 scorpions
  17 killer bees
  3 howler monkeys
  3 crimson imps
  2 bullfrog zombies
  5 centaur zombies
  2 human zombies (Ossuary)
  A bullfrog skeleton (D:6)
  2 hounds
  2 centaur skeletons
  An orc priest (D:10)
  A jelly (D:7)
  5 orc wizards
  2 iguanas
  3 worker ants
  3 mummies (Ossuary)
  A hound zombie (D:10)
  2 worker ant zombies
  8 gnolls
  8 adders
  4 river rats (D:5)
  2 shadow imps
  An ooze (D:2)
  2 adder zombies
  3 worms
  A dart slug (D:1)
  12 orcs
  4 giant cockroaches
  4 goblins
  5 hobgoblins
  11 jackals
  5 quokkas
  5 bats
  6 frilled lizards
  16 kobolds
  A quokka skeleton (D:7)
  22 rats
216 creatures vanquished.

Vanquished Creatures (others)
  3 spectral weapons
3 creatures vanquished.

Grand Total: 219 creatures vanquished

Notes
Turn   | Place    | Note
-------+----------+-------------------------------------------
     0 | D:1      | tidbits the Gnoll Skald began the quest for the Orb.
     0 | D:1      | Reached XP level 1. HP: 20/20 MP: 6/6
    22 | D:1      | Reached XP level 2. HP: 19/26 MP: 0/7
    79 | D:1      | Learned a level 2 spell: Song of Slaying
    82 | D:1      | Learned a level 2 spell: Shroud of Golubria
   186 | D:2      | Reached XP level 3. HP: 22/31 MP: 0/9
   191 | D:2      | Learned a level 3 spell: Regeneration
   195 | D:2      | Learned a level 3 spell: Spectral Weapon
   209 | D:2      | Reached skill level 5 in Spellcasting
   399 | D:2      | Reached skill level 1 in Short Blades
   399 | D:2      | Reached skill level 1 in Long Blades
   399 | D:2      | Reached skill level 1 in Maces & Flails
   399 | D:2      | Reached skill level 1 in Polearms
   399 | D:2      | Reached skill level 1 in Staves
   399 | D:2      | Reached skill level 1 in Slings
   399 | D:2      | Reached skill level 1 in Bows
   399 | D:2      | Reached skill level 1 in Crossbows
   399 | D:2      | Reached skill level 1 in Throwing
   399 | D:2      | Reached skill level 1 in Stealth
   399 | D:2      | Reached skill level 1 in Shields
   399 | D:2      | Reached skill level 1 in Unarmed Combat
   399 | D:2      | Reached skill level 1 in Conjurations
   399 | D:2      | Reached skill level 1 in Hexes
   399 | D:2      | Reached skill level 1 in Summonings
   399 | D:2      | Reached skill level 1 in Necromancy
   399 | D:2      | Reached skill level 1 in Translocations
   399 | D:2      | Reached skill level 1 in Transmutations
   399 | D:2      | Reached skill level 1 in Fire Magic
   399 | D:2      | Reached skill level 1 in Ice Magic
   399 | D:2      | Reached skill level 1 in Air Magic
   399 | D:2      | Reached skill level 1 in Earth Magic
   399 | D:2      | Reached skill level 1 in Poison Magic
   399 | D:2      | Reached skill level 1 in Invocations
   399 | D:2      | Reached skill level 1 in Evocations
   415 | D:2      | Reached XP level 4. HP: 19/38 MP: 3/11
   505 | D:2      | Reached XP level 5. HP: 17/43 MP: 0/12
   791 | D:4      | Reached skill level 3 in Armour
   957 | D:4      | Reached XP level 6. HP: 28/50 MP: 7/13
  1129 | D:5      | Entered Level 5 of the Dungeon
  1180 | D:5      | Reached skill level 5 in Fighting
  1180 | D:5      | Reached skill level 2 in Short Blades
  1180 | D:5      | Reached skill level 2 in Long Blades
  1180 | D:5      | Reached skill level 5 in Axes
  1180 | D:5      | Reached skill level 2 in Maces & Flails
  1180 | D:5      | Reached skill level 2 in Polearms
  1180 | D:5      | Reached skill level 2 in Staves
  1180 | D:5      | Reached skill level 2 in Slings
  1180 | D:5      | Reached skill level 2 in Bows
  1180 | D:5      | Reached skill level 2 in Crossbows
  1180 | D:5      | Reached skill level 2 in Throwing
  1180 | D:5      | Reached skill level 5 in Dodging
  1180 | D:5      | Reached skill level 2 in Stealth
  1180 | D:5      | Reached skill level 2 in Shields
  1180 | D:5      | Reached skill level 2 in Unarmed Combat
  1180 | D:5      | Reached skill level 2 in Conjurations
  1180 | D:5      | Reached skill level 2 in Hexes
  1180 | D:5      | Reached skill level 2 in Summonings
  1180 | D:5      | Reached skill level 2 in Necromancy
  1180 | D:5      | Reached skill level 2 in Translocations
  1180 | D:5      | Reached skill level 2 in Transmutations
  1180 | D:5      | Reached skill level 2 in Fire Magic
  1180 | D:5      | Reached skill level 2 in Ice Magic
  1180 | D:5      | Reached skill level 2 in Air Magic
  1180 | D:5      | Reached skill level 2 in Earth Magic
  1180 | D:5      | Reached skill level 2 in Poison Magic
  1180 | D:5      | Reached skill level 2 in Invocations
  1180 | D:5      | Reached skill level 2 in Evocations
  1259 | D:5      | Reached XP level 7. HP: 56/56 MP: 7/15
  1327 | D:6      | Reached skill level 7 in Charms
  1409 | D:6      | Found an iron altar of Okawaru.
  1603 | D:6      | Found a sand-covered staircase.
  1611 | Ossuary  | Entered an ossuary
  1641 | Ossuary  | Reached XP level 8. HP: 61/63 MP: 8/16
  1705 | Ossuary  | Reached skill level 3 in Short Blades
  1705 | Ossuary  | Reached skill level 3 in Long Blades
  1705 | Ossuary  | Reached skill level 3 in Maces & Flails
  1705 | Ossuary  | Reached skill level 3 in Polearms
  1705 | Ossuary  | Reached skill level 3 in Staves
  1705 | Ossuary  | Reached skill level 3 in Slings
  1705 | Ossuary  | Reached skill level 3 in Bows
  1705 | Ossuary  | Reached skill level 3 in Crossbows
  1705 | Ossuary  | Reached skill level 3 in Throwing
  1705 | Ossuary  | Reached skill level 4 in Armour
  1705 | Ossuary  | Reached skill level 3 in Stealth
  1705 | Ossuary  | Reached skill level 3 in Shields
  1705 | Ossuary  | Reached skill level 3 in Unarmed Combat
  1705 | Ossuary  | Reached skill level 3 in Conjurations
  1705 | Ossuary  | Reached skill level 3 in Hexes
  1705 | Ossuary  | Reached skill level 3 in Summonings
  1705 | Ossuary  | Reached skill level 3 in Necromancy
  1705 | Ossuary  | Reached skill level 3 in Translocations
  1705 | Ossuary  | Reached skill level 3 in Transmutations
  1705 | Ossuary  | Reached skill level 3 in Fire Magic
  1705 | Ossuary  | Reached skill level 3 in Ice Magic
  1705 | Ossuary  | Reached skill level 3 in Air Magic
  1705 | Ossuary  | Reached skill level 3 in Earth Magic
  1705 | Ossuary  | Reached skill level 3 in Poison Magic
  1705 | Ossuary  | Reached skill level 3 in Invocations
  1705 | Ossuary  | Reached skill level 3 in Evocations
  1745 | Ossuary  | Reached skill level 6 in Spellcasting
  1805 | D:6      | Gained mutation: You have a pair of small antennae on your head. [potion of mutation]
  1805 | D:6      | Gained mutation: You are agile. (Dex +2) [potion of mutation]
  1806 | D:6      | Lost mutation: You have a pair of small antennae on your head. [potion of mutation]
  1806 | D:6      | Lost mutation: You are agile. (Dex +2) [potion of mutation]
  1806 | D:6      | Gained mutation: You have a pair of small horns on your head. [potion of mutation]
  1806 | D:6      | Gained mutation: You can translocate small distances at will. [potion of mutation]
  1828 | D:6      | Found a blossoming altar of Fedhas.
  2038 | D:5      | Found a staircase to the Ecumenical Temple.
  2045 | D:5      | Reached XP level 9. HP: 28/69 MP: 11/18
  2050 | D:5      | Reached skill level 6 in Fighting
  2050 | D:5      | Reached skill level 6 in Axes
  2050 | D:5      | Reached skill level 6 in Dodging
  2069 | Temple   | Entered the Ecumenical Temple
  2092 | Temple   | Became a worshipper of Makhleb the Destroyer
  2311 | D:7      | HP: 5/69 [killer bee (7)]
  2314 | D:7      | Reached skill level 4 in Short Blades
  2314 | D:7      | Reached skill level 4 in Long Blades
  2314 | D:7      | Reached skill level 4 in Maces & Flails
  2314 | D:7      | Reached skill level 4 in Polearms
  2314 | D:7      | Reached skill level 4 in Staves
  2314 | D:7      | Reached skill level 4 in Slings
  2314 | D:7      | Reached skill level 4 in Bows
  2314 | D:7      | Reached skill level 4 in Crossbows
  2314 | D:7      | Reached skill level 4 in Throwing
  2314 | D:7      | Reached skill level 4 in Stealth
  2314 | D:7      | Reached skill level 4 in Shields
  2314 | D:7      | Reached skill level 4 in Unarmed Combat
  2314 | D:7      | Reached skill level 4 in Conjurations
  2314 | D:7      | Reached skill level 4 in Hexes
  2314 | D:7      | Reached skill level 4 in Summonings
  2314 | D:7      | Reached skill level 4 in Necromancy
  2314 | D:7      | Reached skill level 4 in Translocations
  2314 | D:7      | Reached skill level 4 in Transmutations
  2314 | D:7      | Reached skill level 4 in Fire Magic
  2314 | D:7      | Reached skill level 4 in Ice Magic
  2314 | D:7      | Reached skill level 4 in Air Magic
  2314 | D:7      | Reached skill level 4 in Earth Magic
  2314 | D:7      | Reached skill level 4 in Poison Magic
  2314 | D:7      | Reached skill level 4 in Invocations
  2314 | D:7      | Reached skill level 4 in Evocations
  2382 | D:7      | Noticed Duvessa
  2391 | D:7      | Noticed Dowan
  2396 | D:7      | Killed Duvessa
  2400 | D:7      | Killed Dowan
  2475 | D:7      | Reached skill level 5 in Armour
  2553 | D:7      | Reached * piety under Makhleb
  2564 | D:7      | Reached skill level 8 in Charms
  2618 | D:7      | Got an ancient plate armour
  2629 | D:7      | Identified the +0 plate armour of Fortification {+Fly MR+ Slay+2} (You found it on level 7 of the Dungeon)
  2748 | D:9      | Lost mutation: You have a pair of small horns on your head. [potion of mutation]
  2748 | D:9      | Lost mutation: You can translocate small distances at will. [potion of mutation]
  2748 | D:9      | Gained mutation: Your system is resistant to poisons. (rPois) [potion of mutation]
  2748 | D:9      | Gained mutation: Your magical capacity is low. (-10% MP) [potion of mutation]
  2748 | D:9      | Gained mutation: You have sharp toenails. [potion of mutation]
  2769 | D:9      | Noticed Gastronok
  2771 | D:9      | Found a staircase to the Orcish Mines.
  2821 | D:8      | Reached XP level 10. HP: 74/77 MP: 15/18
  2876 | D:8      | Found an opulent altar of Gozag.
  2879 | D:8      | Reached skill level 7 in Spellcasting
  2885 | D:8      | Found a shattered altar of Ashenzari.
  2888 | D:8      | Found a bloodstained altar of Trog.
  2891 | D:8      | Found a glowing golden altar of the Shining One.
  2912 | D:8      | Found a staircase to the Lair.
  3094 | D:10     | Entered Level 10 of the Dungeon
  3094 | D:10     | Noticed Maurice
  3140 | D:8      | Reached ** piety under Makhleb
  3186 | D:10     | Reached skill level 5 in Short Blades
  3186 | D:10     | Reached skill level 5 in Long Blades
  3186 | D:10     | Reached skill level 5 in Maces & Flails
  3186 | D:10     | Reached skill level 5 in Polearms
  3186 | D:10     | Reached skill level 5 in Staves
  3186 | D:10     | Reached skill level 5 in Slings
  3186 | D:10     | Reached skill level 5 in Bows
  3186 | D:10     | Reached skill level 5 in Crossbows
  3186 | D:10     | Reached skill level 5 in Throwing
  3186 | D:10     | Reached skill level 5 in Stealth
  3186 | D:10     | Reached skill level 5 in Shields
  3186 | D:10     | Reached skill level 5 in Unarmed Combat
  3186 | D:10     | Reached skill level 5 in Conjurations
  3186 | D:10     | Reached skill level 5 in Hexes
  3186 | D:10     | Reached skill level 5 in Summonings
  3186 | D:10     | Reached skill level 5 in Necromancy
  3186 | D:10     | Reached skill level 5 in Translocations
  3186 | D:10     | Reached skill level 5 in Transmutations
  3186 | D:10     | Reached skill level 5 in Fire Magic
  3186 | D:10     | Reached skill level 5 in Ice Magic
  3186 | D:10     | Reached skill level 5 in Air Magic
  3186 | D:10     | Reached skill level 5 in Earth Magic
  3186 | D:10     | Reached skill level 5 in Poison Magic
  3186 | D:10     | Reached skill level 5 in Invocations
  3186 | D:10     | Reached skill level 5 in Evocations
  3266 | D:11     | Noticed a two-headed ogre
  3273 | D:11     | Killed a two-headed ogre
  3273 | D:11     | Reached skill level 7 in Fighting
  3273 | D:11     | Reached skill level 7 in Axes
  3273 | D:11     | Reached skill level 7 in Dodging
  3363 | D:11     | Reached skill level 6 in Armour
  3421 | D:10     | Learned a level 5 spell: Blade Hands
  3444 | D:10     | Killed Maurice
  3569 | D:10     | Reached XP level 11. HP: 32/84 MP: 8/20
  3591 | D:10     | Killed an unseen horror
  3678 | D:10     | Found a blossoming altar of Fedhas.
  3680 | D:10     | Noticed an oklob plant
  3680 | D:10     | Noticed an oklob plant
  3729 | D:10     | Killed an oklob plant
  3730 | D:10     | HP: 5/84 [acid (12)]
  3731 | D:10     | HP: 2/84 [oklob plant/splash of acid (5)]
  3731 | D:10     | Splashed by an oklob plant's acid

Vault maps used:
D:1:      dpeg_arrival_tiny_c
D:2:      nemelex_xobeh_ov_fountains_minmay
D:3:      first_bread, uniq_terence
D:4:      kennysheep_generic_room_9, uniq_natasha
D:5:      minmay_temple_entry_trees, serial_curves, eino_curves_03,
          eino_curves_03, eino_curves_01, eino_curves_02, dk_rats_in_the_wall
D:6:      fedhas_bush_and_centaur_altar, enter_ossuary_3, columned_hall_lemuel,
          okawaru_trees_1, uniq_edmund
D:7:      uniq_duvessa
D:8:      grunt_temple_overflow_cloverleaf, minmay_lair_entry_lava
D:9:      orc_0_dummy, hangedman_ranch, uniq_gastronok
D:10:     statue_in_the_mist_lemuel, hangedman_abyss_or_decor_stagger,
          hangedman_tree_tricks, uniq_maurice
D:11:     uniq_sonja
Temple:   nicolae_temple_elliptical
Ossuary:  ossuary_minmay_four_chambers

Skill      XL: |  1  2  3  4  5  6  7  8  9 10 |
---------------+-------------------------------+-----
Spellcasting   | 5 6 7 |  7.8
Short Blades   | 1 2 3 4 5 |  5.9
Long Blades    | 1 2 3 4 5 |  5.9
Maces & Flails | 1 2 3 4 5 |  5.9
Polearms       | 1 2 3 4 5 |  5.9
Staves         | 1 2 3 4 5 |  5.9
Slings         | 1 2 3 4 5 |  5.9
Bows           | 1 2 3 4 5 |  5.9
Crossbows      | 1 2 3 4 5 |  5.9
Throwing       | 1 2 3 4 5 |  5.9
Stealth        | 1 2 3 4 5 |  5.9
Shields        | 1 2 3 4 5 |  5.9
Unarmed Combat | 1 2 3 4 5 |  5.9
Conjurations   | 1 2 3 4 5 |  5.9
Hexes          | 1 2 3 4 5 |  5.9
Summonings     | 1 2 3 4 5 |  5.9
Necromancy     | 1 2 3 4 5 |  5.9
Translocations | 1 2 3 4 5 |  5.9
Transmutations | 1 2 3 4 5 |  5.9
Fire Magic     | 1 2 3 4 5 |  5.9
Ice Magic      | 1 2 3 4 5 |  5.9
Air Magic      | 1 2 3 4 5 |  5.9
Earth Magic    | 1 2 3 4 5 |  5.9
Poison Magic   | 1 2 3 4 5 |  5.9
Invocations    | 1 2 3 4 5 |  5.9
Evocations     | 1 2 3 4 5 |  5.9
Armour         | 3 4 5 6 |  6.5
Fighting       | 5 6 7 |  7.5
Axes           | 5 6 7 |  7.5
Dodging        | 5 6 7 |  7.5
Charms         | 7 8 |  8.9

Action                   |  1- 3 |  4- 6 |  7- 9 | 10-12 || total
-------------------------+-------+-------+-------+-------++-------
Melee: Hand axe          |    70 |    98 |    87 |       ||   255
       Bite              |     2 |     6 |    28 |    19 ||    55
       Punch             |       |     2 |     2 |     2 ||     6
       Dire flail        |       |       |    93 |       ||    93
       Headbutt          |       |       |    27 |       ||    27
       Rapier            |       |       |    72 |   104 ||   176
       Kick              |       |       |     3 |    28 ||    31
       War axe           |       |       |       |    20 ||    20
       Unarmed           |       |       |       |     7 ||     7
 Cast: Infusion          |     7 |     4 |       |       ||    11
       Spectral Weapon   |     2 |    14 |    33 |    16 ||    65
       Regeneration      |       |     5 |    14 |    14 ||    33
       Shroud of Golubri |       |     2 |     6 |     7 ||    15
       Blade Hands       |       |       |       |     2 ||     2
Evoke: Wand              |       |       |       |     2 ||     2
  Use: Scroll            |       |     4 |    11 |     3 ||    18
       Potion            |       |       |     6 |     3 ||     9
 Stab: Sleeping          |       |     1 |       |       ||     1
       Distracted        |       |     1 |     3 |       ||     4
       Invisible         |       |       |     4 |       ||     4
       Confused          |       |       |       |     1 ||     1
  Eat: Chunk             |       |     3 |     1 |       ||     4
       Meat ration       |       |       |     1 |     1 ||     2
       Royal jelly       |       |       |     1 |     1 ||     2
Armor: Leather armour    |     9 |     8 |       |       ||    17
       Ring mail         |       |    11 |    60 |    42 ||   113
       Troll leather arm |       |       |       |    21 ||    21
Dodge: Dodged            |    48 |    57 |   160 |   145 ||   410
       Deflected         |       |       |       |     2 ||     2

Table legend:
 A = Spawn XP
 B = Non-spawn XP
 C = Spawn XP percentage of total XP
 D = Spawn monster count
 E = Non-spawn monster count
 F = Spawn count percentage of total count
 G = Total turns spent on level
                    A         B        C        D         E        F      G
               +---------+---------+-------+---------+---------+-------+---------
         Total |       0 |   10533 |   0.0 |       0 |     216 |   0.0 |  3731
               +---------+---------+-------+---------+---------+-------+---------
           D:1 |       0 |      25 |   0.0 |       0 |      17 |   0.0 |   160
           D:2 |       0 |     155 |   0.0 |       0 |      24 |   0.0 |   483
           D:3 |       0 |      32 |   0.0 |       0 |      12 |   0.0 |   194
           D:4 |       0 |     173 |   0.0 |       0 |       8 |   0.0 |   294
           D:5 |       0 |     813 |   0.0 |       0 |      37 |   0.0 |   444
           D:6 |       0 |     490 |   0.0 |       0 |      12 |   0.0 |   479
           D:7 |       0 |    1549 |   0.0 |       0 |      34 |   0.0 |   507
           D:8 |       0 |     907 |   0.0 |       0 |      19 |   0.0 |   285
           D:9 |       0 |     476 |   0.0 |       0 |       4 |   0.0 |    90
          D:10 |       0 |    3665 |   0.0 |       0 |      28 |   0.0 |   458
          D:11 |       0 |    1453 |   0.0 |       0 |       7 |   0.0 |   120
       Ossuary |       0 |     795 |   0.0 |       0 |      14 |   0.0 |   170
               +---------+---------+-------+---------+---------+-------+---------

Table legend:
 A = Turns spent in this place as a percentage of turns spent in the entire game.
 B = Non-inter-level travel turns spent in this place as a percentage of non-inter-level travel turns spent in the entire game.
 C = Inter-level travel turns spent in this place as a percentage of turns spent in this place.
 D = Turns resting spent in this place as a percentage of non-inter-level travel turns spent in this place.
 E = Turns spent auto-exploring this place as a percentage of non-inter-level travel turns spent in this place.
 F = Non-inter-level travel turns spent in this place divided by the number of levels of this place that you've seen.
                   A       B       C       D       E      F
               +-------+-------+-------+-------+-------+----------------------
         Total | 100.0 | 100.0 |   2.6 |   0.0 |   0.0 | 279.5
       Dungeon |  94.2 |  94.6 |   2.2 |   0.0 |   0.0 | 312.5
        Temple |   1.3 |   0.7 |  46.8 |   0.0 |   0.0 |  25.0
       Ossuary |   4.6 |   4.7 |   0.0 |   0.0 |   0.0 | 170.0
               +-------+-------+-------+-------+-------+----------------------

Table legend:
 A = Kills in this place as a percentage of kills in entire the game.
 B = Kills by you in this place as a percentage of kills by you in the entire game.
 C = Kills by friends in this place as a percentage of kills by friends in the entire game.
 D = Other kills in this place as a percentage of other kills in the entire game.
 E = Experience gained in this place as a percentage of experience gained in the entire game.
 F = Experience gained in this place divided by the number of levels of this place that you have seen.
                   A       B       C       D       E      F
               +-------+-------+-------+-------+-------+----------------------
         Total | 100.0 | 100.0 |   N/A |   N/A | 100.0 | 810.2
       Dungeon |  93.5 |  93.5 |   N/A |   N/A |  92.5 | 885.3
       Ossuary |   6.5 |   6.5 |   N/A |   N/A |   7.5 | 795.0
               +-------+-------+-------+-------+-------+----------------------

Vault maps used:
D:1:      dpeg_arrival_tiny_c
D:2:      nemelex_xobeh_ov_fountains_minmay
D:3:      first_bread, uniq_terence
D:4:      kennysheep_generic_room_9, uniq_natasha
D:5:      minmay_temple_entry_trees, serial_curves, eino_curves_03,
          eino_curves_03, eino_curves_01, eino_curves_02, dk_rats_in_the_wall
D:6:      fedhas_bush_and_centaur_altar, enter_ossuary_3, columned_hall_lemuel,
          okawaru_trees_1, uniq_edmund
D:7:      uniq_duvessa
D:8:      grunt_temple_overflow_cloverleaf, minmay_lair_entry_lava
D:9:      orc_0_dummy, hangedman_ranch, uniq_gastronok
D:10:     statue_in_the_mist_lemuel, hangedman_abyss_or_decor_stagger,
          hangedman_tree_tricks, uniq_maurice
D:11:     uniq_sonja
Temple:   nicolae_temple_elliptical
Ossuary:  ossuary_minmay_four_chambers
